 Dungeon Crawl Stone Soup version 0.23-a0-171-g5ae17c6 (webtiles) character file.

30 Gildeon the Sneak (level 3, 0/16 HPs)
             Began as a Spriggan Enchanter on Sept 14, 2018.
             Succumbed to an adder's poison
             ... on level 1 of the Dungeon.
             The game lasted 00:08:35 (1620 turns).

Gildeon the Sneak (Spriggan Enchanter)              Turns: 1620, Time: 00:08:37

Health: 0/16       AC:  2    Str:  4    XL:     3   Next: 5%
Magic:  8/8        EV: 27    Int: 16    God:
Gold:   95         SH:  0    Dex: 22    Spells: 2/8 levels left

rFire    . . .     SeeInvis +   a - +1 dagger
rCold    . . .     Gourm    .   (shield restricted)
rNeg     . . .     Faith    .   b - +0 robe
rPois    .         Spirit   .   (helmet restricted)
rElec    .         Reflect  .   (no cloak)
rCorr    .         Harm     .   (gloves unavailable)
MR       .....                  (boots unavailable)
Stlth    ++++......             (no amulet)
HPRegen  0.05/turn              c - +2 ring of evasion
MPRegen  0.11/turn              (no ring)

@: agile, lethally poisoned (0 -> -6), very quick
A: very small, unfitting armour, see invisible, herbivore, speed 3, slow
metabolism 2
a: no special abilities


You were on level 1 of the Dungeon.
You were not hungry.

You visited 1 branch of the dungeon, and saw 2 of its levels.

You collected 95 gold pieces.

Inventory:

Hand Weapons
 a - a +1 dagger (weapon)
Missiles
 h - 32 poisoned needles
Armour
 b - a +0 robe (worn)
Jewellery
 c - a +2 ring of evasion (left hand)
Scrolls
 e - a scroll of fear {unknown}
Potions
 j - 2 potions of invisibility
Comestibles
 d - 2 rations


   Skills:
 + Level 1.7 Short Blades
 + Level 3.6 Dodging
 + Level 4.9 Stealth
 + Level 3.1 Spellcasting
 + Level 3.8 Hexes


You had 2 spell levels left.
You knew the following spells:

 Your Spells              Type           Power        Failure   Level  Hunger
a - Corona                Hex            ##.....      3%          1    None
b - Ensorcelled Hibernat  Hex/Ice        #.....       13%         2    ##.....
c - Confuse               Hex            ##......     12%         3    ###....

Your spell library contained the following spells:

 Spells                   Type           Power        Failure   Level  Hunger
 Tukima's Dance           Hex            ##......     12%         3    ###....
 Dazzling Spray           Conj/Hex       #.....       26%         3    ###....


Dungeon Overview and Level Annotations

Branches:
Dungeon (2/15)

Altars:
Fedhas
Yredelemnul


Innate Abilities, Weirdness & Mutations

You are very small and have problems with some larger weapons.
You are too small for most types of armour.
You have supernaturally acute eyesight. (SInv)
You are a herbivore.
You cover ground extremely quickly.
You need to consume almost no food.


Message History

The adder poisons you!
The adder stops glowing.
You feel sick.
There is a stone staircase leading up here.
Magic restored.
You feel sick. The adder completely misses you.
You climb upwards.
* * * LOW HITPOINT WARNING * * *
You feel sick.
There is a stone staircase leading down here.
Okay, then.
Okay, then.
It was a potion of agility.
You feel agile all of a sudden.
* * * LOW HITPOINT WARNING * * *
You feel sick.
* * * LOW HITPOINT WARNING * * *
You feel sick.
* * * LOW HITPOINT WARNING * * *
You feel sick.
You die...

## ##############.
########............).
######....@...#############
#...###.####### ##...##..##
#.>...#..#
##.##....########
#...###........## ###.#
#....(##..# #.#
#####..##.##
########.######.......###


There were no monsters in sight!

Vanquished Creatures
  An adder (D:2)
  2 leopard geckos
  A giant cockroach (D:1)
  2 goblins
  2 hobgoblins (D:1)
  2 bats
  3 frilled lizards (D:1)
  2 kobolds (D:1)
  5 rats
20 creatures vanquished.

Notes
Turn   | Place    | Note
-------+----------+-------------------------------------------
     0 | D:1      | Gildeon the Spriggan Enchanter began the quest for the Orb.
     0 | D:1      | Reached XP level 1. HP: 9/9 MP: 5/5
   187 | D:1      | Reached XP level 2. HP: 5/13 MP: 6/6
   193 | D:1      | Learned a level 2 spell: Ensorcelled Hibernation
   813 | D:2      | Found a blossoming altar of Fedhas.
  1133 | D:2      | Reached XP level 3. HP: 15/16 MP: 8/8
  1138 | D:2      | Learned a level 3 spell: Confuse
  1174 | D:2      | Found a basalt altar of Yredelemnul.
  1620 | D:1      | Succumbed to an adder's poison

Vault maps used:
D:1:      lemuel_arrival_rhombus
D:2:      grunt_temple_overflow_forces_of_nature,
          nemelex_xobeh_ov_fountains_minmay, lemuel_coloured_pillars_altar,
          minmay_split_cup_large

Skill      XL: |  1  2 |
---------------+-------+-----
Spellcasting   | 3 |  3.1
Short Blades   | |  1.7
Dodging        | |  3.6
Stealth        | |  4.9
Hexes          | |  3.8

Action                   || total
-------------------------++-------
Melee: Dagger            ||    99
 Cast: Corona            ||     2
  Use: Scroll            ||     3
       Potion            ||     1
 Stab: Sleeping          ||     9
Armor: Robe              ||     3
Dodge: Dodged            ||    76

Table legend:
 A = Non-vault XP
 B = Vault XP
 C = Vault XP percentage of total XP
 D = Non-vault monster count
 E = Vault monster count
 F = Vault count percentage of total count
                 A         B        C        D         E       F
            +---------+---------+-------+---------+---------+-------
      Total |      44 |       0 |   0.0 |      20 |       0 |   0.0
            +---------+---------+-------+---------+---------+-------
        D:1 |      22 |       0 |   0.0 |      15 |       0 |   0.0
        D:2 |      22 |       0 |   0.0 |       5 |       0 |   0.0
            +---------+---------+-------+---------+---------+-------
